 Dungeon Crawl Stone Soup version 0.29-a0-870-g2c972031a6 (webtiles) character file.

Game seed: 18326765213909073672

179 nxtlvl the Cutter (level 5, -1/31 HPs)
             Began as a Deep Elf Monk on July 17, 2022.
             Slain by a river rat (9 damage)
             ... in a sewer.
             The game lasted 00:08:05 (1011 turns).

nxtlvl the Cutter (Deep Elf Monk)                   Turns: 1011, Time: 00:08:05

Health: -1/31      AC:  2    Str:  8    XL:     5   Next: 33%
Magic:  7/7        EV: 13    Int: 17    God:
Gold:   147        SH:  0    Dex: 17    Spells: 4/4 levels left

rFire   . . .      SeeInvis .   a - +0 short sword
rCold   . . .      Faith    .   (no shield)
rNeg    . . .      Spirit   .   c - +0 robe
rPois   .          Reflect  .   (no helmet)
rElec   .          Harm     .   (no cloak)
rCorr   .          Rampage  .   (no gloves)
Will    .....                   (no boots)
Stlth   ++........              (no amulet)
HPRegen 0.10/turn               (no ring)
MPRegen 0.10/turn               (no ring)

@: no status effects
A: no striking features
a: no special abilities


You were in a sewer.
You visited 2 branches of the dungeon, and saw 5 of its levels.
You also visited: Sewer.

You collected 147 gold pieces.

Inventory:

Hand Weapons
 a - a +0 short sword (weapon)
 b - a +0 sling
Missiles
 e - 14 stones (quivered)
 k - 2 atropa-tipped darts
 m - 3 poisoned darts
Armour
 c - a +0 robe (worn)
Scrolls
 h - 2 scrolls of identify {unknown}
 i - a scroll of fear {unknown}
 j - 2 scrolls of teleportation {unknown}
 n - a scroll of magic mapping {unknown}
Potions
 d - a potion of haste {unknown}
 o - a potion of invisibility {unknown}


   Skills:
 - Level 2.4 Fighting
 * Level 6.1 Short Blades
 - Level 3.6 Dodging
 - Level 2.4 Stealth


You had 4 spell levels left.
You didn't know any spells.
Your spell library contained the following spells:

 Spells                   Type           Power      Damage    Failure   Level
 Slow                     Hex            0%         N/A       24%         1
 Sublimation of Blood     Necr           0%         N/A       34%         2
 Wereblood                Tmut           0%         N/A       34%         2
 Confusing Touch          Hex            0%         N/A       56%         3
 Vampiric Draining        Necr           0%         2d6       56%         3
 Summon Hydra             Summ           0%         N/A       100%        7


Dungeon Overview and Level Annotations

Branches:
Dungeon (4/15)             Temple (1/1) D:4           Sewer (1/1)

Altars:
Ashenzari
Elyvilon
Fedhas
Gozag
Kikubaaqudgha
Makhleb
Nemelex Xobeh
Okawaru
Qazlal
Ru
Trog
Wu Jian
Yredelemnul
The Shining One

Annotations:
D:4 Menkaure


Message History

The quokka is heavily wounded.
The quokka bites you.
The quokka splashes around in the water.
You closely miss the quokka.
The quokka is heavily wounded.
The quokka bites you.
The quokka bites you but does no damage.
You miss the quokka.
The quokka is heavily wounded.
The quokka bites you.
The quokka bites you but does no damage.
You hit the quokka.
You kill the quokka!
The quokka barely misses you.
You hit the quokka but do no damage. The quokka barely misses you.
You hit the quokka.
The quokka is severely wounded.
The quokka bites you.
You hit the quokka.
The quokka is almost dead.
The quokka closely misses you.
You hit the quokka.
You kill the quokka!
You enter the shallow water.
Moving in this stuff is going to be slow.
You see here a quokka corpse.
There is a glowing drain here.
You hear the slow rusting of a drain.
The world spins around you as you enter the gateway.
You enter a sewer!
Found a gate leading back out of this place.
There is an empty arch of ancient stone here.
You enter the shallow water.
Moving in this stuff is going to be slow.
A river rat comes into view.
The river rat misses you.
You hit the river rat but do no damage. The river rat bites you.
* * * LOW HITPOINT WARNING * * *
You barely miss the river rat. The river rat bites you!
You die...

## ##.
#######r####
≈≈≈..≈.≈@≈∩#
≈≈≈≈..≈≈..∩#
############


You could see a river rat.

Vanquished Creatures
  A necrophage (D:4)
  2 hounds (D:4)
  2 adders (D:3)
  2 dart slugs (D:3)
  An orc (D:3)
  5 bats
  2 endoplasms (D:1)
  4 goblins
  3 hobgoblins
  2 kobolds
  4 quokkas (D:4)
  A ball python (D:3)
  A frilled lizard (D:3)
  5 rats
35 creatures vanquished.

Notes
Turn   | Place    | Note
-------+----------+-------------------------------------------
     0 | D:1      | nxtlvl the Deep Elf Monk began the quest for the Orb.
     0 | D:1      | Reached XP level 1. HP: 13/13 MP: 3/3
   118 | D:1      | Reached XP level 2. HP: 10/18 MP: 4/4
   531 | D:3      | Reached skill level 4 in Short Blades
   668 | D:3      | Reached XP level 3. HP: 17/22 MP: 5/5
   826 | D:4      | Noticed Menkaure
   832 | D:4      | Noticed a necrophage
   832 | D:4      | Found a staircase to the Ecumenical Temple.
   852 | D:4      | Killed a necrophage
   853 | D:4      | Reached skill level 5 in Short Blades
   853 | D:4      | Reached XP level 4. HP: 27/27 MP: 6/6
   859 | D:4      | Reached XP level 5. HP: 31/31 MP: 7/7
   871 | D:4      | Reached skill level 6 in Short Blades
   876 | Temple   | Entered the Ecumenical Temple
   979 | D:4      | Found a glowing drain.
  1005 | Sewer    | Entered a sewer
  1011 | Sewer    | Slain by a river rat

Illustrated notes

Levels and vault maps discovered:
D:1:      dreamdust_arrival_sigmund_warning, layout_basic
D:2:      layout_rooms, kennysheep_jessica_study
D:3:      minmay_diamond_boxcup, layout_basic, minmay_misc_feat_hallway,
          minmay_puff
D:4:      layout_layer_cave, minmay_temple_entry_butterflies,
          portal_sewer_entry_f, minmay_misc_feat_rugged, uniq_menkaure
Temple:   eino_temple_lava
Sewer:    sewer_co_cracked_pipes

Skill      XL: |  1  2  3  4  5 |
---------------+----------------+-----
Short Blades   | 4 5 6 |  6.1
Fighting       | |  2.4
Dodging        | |  3.6
Stealth        | |  2.4

Action                   |  1- 3 |  4- 6 || total
-------------------------+-------+-------++-------
Melee: Short sword       |    79 |    61 ||   140
       Punch             |     2 |       ||     2
 Fire: Sling             |       |     5 ||     5
  Use: Potion            |     5 |       ||     5
 Stab: Sleeping          |    13 |       ||    13
Armor: Robe              |    10 |     4 ||    14
       Skin              |    23 |    23 ||    46
Dodge: Dodged            |    42 |    37 ||    79

Table legend: (Time is in decaauts)
 A = Elapsed time spent in this place.
 B = Non-inter-level travel time spent in this place.
 C = Inter-level travel time spent in this place.
 D = Time resting spent in this place.
 E = Time spent auto-exploring this place.
 F = Levels seen in this place.
 G = Mean time per level.
                   A        B        C        D        E       F      G
               +--------+--------+--------+--------+--------+-----+--------+
         Total |    993 |    961 |     32 |      0 |     21 |   6 |  165.5 |
       Dungeon |    965 |    933 |     32 |      0 |     21 |   4 |  241.2 |
        Temple |     21 |     21 |      0 |      0 |      0 |   1 |   21.0 |
         Sewer |      6 |      6 |      0 |      0 |      0 |   1 |    6.0 |
               +--------+--------+--------+--------+--------+-----+--------+

Top non-repeatable levels by time:
     D:3: 387 daAuts
     D:1: 353 daAuts
     D:4: 135 daAuts
     D:2: 89 daAuts
  Temple: 21 daAuts
   Sewer: 6 daAuts
